 Dungeon Crawl Stone Soup version 0.18-a0-1273-g8ec5f8e (webtiles) character file.

31 4thArraOfDagon the Gusty (level 3, -2/26 HPs)
             Began as a Centaur Air Elementalist on Feb 7, 2016.
             Was an Initiate of Yredelemnul.
             Killed from afar by an orc wizard (8 damage)
             ... with a magic dart
             ... on level 4 of the Dungeon.
             The game lasted 00:04:40 (603 turns).

4thArraOfDagon the Gusty (Centaur Air Elementalist)  Turns: 603, Time: 00:04:41

Health: -2/26      AC:  4    Str: 10    XL:     3   Next: 7%
Magic:  5/5        EV:  9    Int: 15    God:    Yredelemnul [......]
Gold:   67         SH:  0    Dex:  9    Spells: 3 memorised, 0 levels left

rFire  . . .     SeeInvis .     g - -2 flail (curse)
rCold  . . .     Gourm    .     a - +0 robe
rNeg   . . .     Faith    .     (no shield)
rPois  .         Spirit   .     (no helmet)
rElec  .         Dismiss  .     (no cloak)
rCorr  .         Reflect  .     (no gloves)
SustAt .         Harm     .     (no barding)
MR     .....                    (no amulet)
Stlth  +.........               (no ring)
                                (no ring)

@: repel missiles, very quick, not resistant to hostile enchantments, very
unstealthy
A: hooves 3, deformed body, speed 2, tough skin 3
a: Renounce Religion


You were on level 4 of the Dungeon.
You worshipped Yredelemnul.
Yredelemnul was noncommittal.
You were not hungry.

You visited 1 branch of the dungeon, and saw 4 of its levels.

You collected 67 gold pieces.

Inventory:

Hand Weapons
 g - a cursed -2 flail (weapon)
Armour
 a - a +0 robe (worn)
Books
 b - a book of Air

   Spells                             Type                      Level
   a - Shock                          Conjuration/Air              1
   b - Swiftness                      Charms/Air                   2
   c - Repel Missiles                 Charms/Air                   2
   d - Static Discharge               Conjuration/Air              3
   e - Lightning Bolt                 Conjuration/Air              5
Comestibles
 c - 2 bread rations


   Skills:
 - Level 1.3 Dodging
 - Level 1.2 Stealth
 + Level 1.8 Spellcasting
 * Level 1.7 Conjurations
 * Level 3.2 Air Magic


You couldn't memorise any spells.
You knew the following spells:

 Your Spells              Type           Power        Failure   Level  Hunger
a - Shock                 Conj/Air       #...         12%         1    ##.....
b - Repel Missiles        Chrm/Air       #.....       17%         2    ###....
c - Swiftness             Chrm/Air       #.......     17%         2    ###....


Dungeon Overview and Level Annotations

Branches:
Dungeon (4/15)
 Temple: D:4-7

Altars:
Ashenzari
Makhleb
Qazlal
Ru
Sif Muna
Vehumet
Yredelemnul


Innate Abilities, Weirdness & Mutations

You have hooves in place of feet.
Armour fits poorly on your strangely shaped body.
You cover ground very quickly.
You have extremely tough skin (AC +3).


Message History

An orc wizard comes into view. It is wielding a dagger.
The orc wizard shouts!
The orc wizard casts a spell.
The orc wizard flickers and vanishes!
Deactivating autopickup; reactivate with Ctrl-A.
Found 5 gold pieces.
Unknown command.
You open the door.
You hear some strange, mumbled words.
A puff of flame appears from out of thin air!
The puff of flame hits you!
* * * LOW HITPOINT WARNING * * *
There is an open door here.
Unknown command.
You barely miss something. You kick something.
You hear some strange, mumbled words.
A magic dart appears from out of thin air!
The magic dart hits you!
You die...
Your body rises from the dead as a mindless zombie.

####### #.....#
#.....#
#.....###
#.....@.####
#.....#.#..
#.....#.#$#
###...#.#.#.#
###.#.o...#
#######...#.#.#
#.........#.#
#.#########.#
#.# .{


You could see an orc wizard (wandering).

Vanquished Creatures
  A hound skeleton (D:3)
  4 orcs (D:3)
  3 bats
  A hobgoblin (D:3)
  3 jackals
  A giant newt (D:1)
  A kobold (D:1)
14 creatures vanquished.

Notes
Turn   | Place    | Note
--------------------------------------------------------------
     0 | D:1      | 4thArraOfDagon the Centaur Air Elementalist began the quest for the Orb.
     0 | D:1      | Reached XP level 1. HP: 14/14 MP: 3/3
    29 | D:1      | Reached skill level 1 in Conjurations
   193 | D:3      | Reached skill level 3 in Air Magic
   193 | D:3      | Reached XP level 2. HP: 7/20 MP: 0/4
   236 | D:3      | Found a radiant altar of Vehumet.
   236 | D:3      | Found a burning altar of Makhleb.
   236 | D:3      | Noticed a crimson imp
   271 | D:3      | Found a deep blue altar of Sif Muna.
   272 | D:3      | Found a basalt altar of Yredelemnul.
   279 | D:3      | Became a worshipper of Yredelemnul the Dark
   365 | D:3      | Learned a level 2 spell: Repel Missiles
   389 | D:3      | Found a stormy altar of Qazlal.
   392 | D:3      | Found a sacrificial altar of Ru.
   484 | D:3      | Reached XP level 3. HP: 5/26 MP: 0/5
   495 | D:3      | Found a shattered altar of Ashenzari.
   589 | D:4      | Learned a level 2 spell: Swiftness
   603 | D:4      | Killed from afar by an orc wizard

Vault maps used:
D:1:      zaba_arrival_water
D:2:      first_bread
D:3:      grunt_temple_overflow_lords_of_destruction,
          nicolae_qazlal_general_emergency, nicolae_ru_sacrificial_ziggurat,
          gammafunk_temple_overflow_pools, ashenzari_altar_1, minmay_box_of_dots
D:4:      good_gods_temple_1, gammafunk_temple_overflow_elements

Action                   || total
-------------------------++-------
Melee: Unarmed           ||    21
       Flail             ||     7
 Cast: Shock             ||    20
       Repel Missiles    ||     1
  Use: Potion            ||     2
       Scroll            ||     1
